 Dungeon Crawl Stone Soup version 0.26.1-11-gd32895ea62 (webtiles) character file.

Game seed: 9014786829963310719

783 Tirrikindir the Carver (level 7, -13/52 HPs)
             Began as an Octopode Fighter on June 22, 2021.
             Was a Follower of Okawaru.
             Mangled by Menkaure (22 damage)
             ... on level 4 of the Dungeon.
             The game lasted 00:07:43 (4208 turns).

Tirrikindir the Carver (Octopode Fighter)           Turns: 4208, Time: 00:07:44

Health: -13/52     AC:  1    Str: 14 (15) XL:     7   Next: 86%
Magic:  11/11      EV: 14    Int: 14 (17) God:    Okawaru [*.....]
Gold:   127        SH: 10    Dex: 11 (13) Spells: 6/6 levels left

rFire    . . .     SeeInvis .   a - +0 long sword
rCold    . . .     Faith    .   b - +1 kite shield
rNeg     . . .     Spirit   .   (helmet restricted)
rPois    .         Reflect  .   (no amulet)
rElec    .         Harm     .   i - +6 ring of intelligence
rCorr    .         Rampage  .   (no ring)
Will     .....                  (no ring)
Stlth    ++++......             (no ring)
HPRegen  0.17/turn              (no ring)
MPRegen  0.12/turn              (no ring)
                                (no ring)
                                (no ring)

@: no status effects
A: almost no armour, stealthy swim, amphibious, 8 rings, constrict 8, camouflage
1, gelatinous body 1
a: Renounce Religion, Heroism


You were on level 4 of the Dungeon.
You worshipped Okawaru.
Okawaru was aware of your devotion.
You visited 1 branch of the dungeon, and saw 4 of its levels.

You collected 127 gold pieces.

Inventory:

Hand Weapons
 a - a +0 long sword (weapon)
 r - a +0 rapier of protection
Missiles
 m - 10 boomerangs (quivered)
Armour
 b - a +1 kite shield (worn)
Jewellery
 i - a +6 ring of intelligence (left tentacle)
Scrolls
 d - 2 scrolls of amnesia
 e - a scroll of immolation {unknown}
 h - a scroll of teleportation
 n - a scroll of enchant weapon {unknown}
 p - a scroll of remove curse
Potions
 c - a potion of might
 f - a potion of haste
 g - a potion of curing {unknown}
 k - a potion of degeneration
 l - a potion of magic {unknown}
 o - a potion of attraction {unknown}


   Skills:
 + Level 6.1 Fighting
 * Level 8.1 Long Blades
 + Level 0.4 Throwing
 * Level 6.1 Dodging
 + Level 7.3 Stealth
 * Level 6.2 Shields
 + Level 5.4 Invocations


You had 6 spell levels left.
You didn't know any spells.
Your spell library contained the following spells:

 Spells                   Type           Power        Failure   Level
 Corona                   Hex            0%           65%         1
 Ensorcelled Hibernation  Hex/Ice        0%           80%         2
 Confusing Touch          Hex            0%           95%         3
 Dazzling Flash           Conj/Hex       0%           95%         3
 Tukima's Dance           Hex            0%           95%         3


Dungeon Overview and Level Annotations

Branches:
Dungeon (4/15)
 Temple: D:4-7

Altars:
Ashenzari
Fedhas
Okawaru

Annotations:
D:4 Menkaure


Innate Abilities, Weirdness & Mutations

You cannot wear most types of armour.
You are very stealthy in the water. (Stealth+)
You are amphibious.
You can wear up to eight rings at the same time.
You can use your tentacles to constrict eight enemies at once.
Your skin changes colour to match your surroundings (Stealth+).
Your rubbery body absorbs attacks. (AC +1, EV +1)


Message History

Your body is wracked with pain!
The iguana convulses!
The iguana hisses angrily.
You hear a bark!
A hound comes into view.
The teleport trap disappears.
The hound disappears!
Found 11 gold pieces.
Menkaure hits you!
* * * LOW HITPOINT WARNING * * *
Menkaure casts a spell at you. Pain shoots through your body!
* * * LOW HITPOINT WARNING * * *
Okay, then.
As you read the scroll of fear, it crumbles to dust.
You assume a fearsome visage.
Menkaure is unaffected.
The iguana looks frightened!
Okay, then.
It was a potion of degeneration.
There was something very wrong with that liquid.
You feel weakened.
You feel dopey.
You feel clumsy. Menkaure hits you!!
You die...

###+##########
.............#
.............#
.............#
.$...........#
#.....l....# #
#.......########
#.##M##...........#
#..@.##...........#
#....##...........#
.......##...........#
.........##...........#
..#
.........######...#####
#.# .........# #...#
#.# ......#### #(..#
... #####.#######
#...### #.### #.....#
#.....#


You could see Menkaure and an iguana (fleeing).

Vanquished Creatures
  Eustachio (D:4)
  A centaur (D:2)
  2 orc priests
  Jessica (D:2)
  An orc wizard (D:4)
  2 worker ants (D:4)
  Robin (D:2)
  3 adders (D:3)
  3 worms
  4 dart slugs
  3 leopard geckos
  12 orcs
  A ball python (D:3)
  4 giant cockroaches
  13 goblins
  7 hobgoblins
  13 jackals
  A quokka (D:3)
  4 bats
  5 frilled lizards
  3 kobolds (D:1)
  13 rats
98 creatures vanquished.

Notes
Turn   | Place    | Note
-------+----------+-------------------------------------------
     0 | D:1      | Tirrikindir the Octopode Fighter began the quest for the
                  | Orb.
     0 | D:1      | Reached XP level 1. HP: 16/16 MP: 1/1
   482 | D:1      | Reached XP level 2. HP: 13/21 MP: 2/2
  1078 | D:1      | Reached skill level 1 in Stealth
  1247 | D:2      | Noticed Robin
  1250 | D:2      | Reached XP level 3. HP: 25/26 MP: 3/3
  1259 | D:2      | Killed Robin
  1446 | D:2      | Found an iron altar of Okawaru.
  1453 | D:2      | Reached skill level 3 in Long Blades
  1525 | D:2      | Noticed Jessica
  1532 | D:2      | Killed Jessica
  1533 | D:2      | Reached XP level 4. HP: 31/31 MP: 4/4
  1646 | D:2      | Became a worshipper of Warmaster Okawaru
  1705 | D:2      | Noticed a centaur
  1717 | D:2      | Killed a centaur
  1718 | D:2      | Reached XP level 5. HP: 12/37 MP: 5/5
  2059 | D:2      | Reached skill level 1 in Invocations
  2127 | D:2      | Found a broken altar of Ashenzari.
  2541 | D:3      | Reached XP level 6. HP: 36/43 MP: 6/6
  2814 | D:3      | Reached skill level 7 in Long Blades
  2814 | D:3      | Reached skill level 5 in Dodging
  2814 | D:3      | Reached skill level 5 in Invocations
  2814 | D:3      | Reached XP level 7. HP: 52/52 MP: 7/11
  3243 | D:3      | Found a blossoming altar of Fedhas.
  3818 | D:4      | Reached skill level 8 in Long Blades
  3923 | D:4      | Noticed Eustachio
  3945 | D:4      | Reached * piety under Okawaru
  3952 | D:4      | Killed Eustachio
  4200 | D:4      | Noticed Menkaure
  4208 | D:4      | Mangled by Menkaure

Illustrated notes

Levels and vault maps discovered:
D:1:      matt_arrival_diagonals, layout_basic
D:2:      layout_basic, ashenzari_altar_1, okawaru_trees_1, uniq_jessica,
          uniq_robin
D:3:      minmay_skewed_foursquare, layout_basic, old_standard_altar
D:4:      layout_basic, uniq_eustachio, uniq_ijyb, uniq_menkaure

Skill      XL: |  1  2  3  4  5  6  7 |
---------------+----------------------+-----
Stealth        | 1 2 7 |  7.3
Long Blades    | 3 7 8 |  8.1
Invocations    | 1 5 |  5.4
Fighting       | 6 |  6.1
Dodging        | 5 6 |  6.1
Shields        | 6 |  6.2
Throwing       | |  0.4

Action                   |  1- 3 |  4- 6 |  7- 9 || total
-------------------------+-------+-------+-------++-------
Melee: Long sword        |    53 |    55 |    70 ||   178
       Constrict         |    20 |    18 |    25 ||    63
       Tentacles         |    13 |    10 |    15 ||    38
       Punch             |       |       |     1 ||     1
Throw: Boomerang         |     3 |     2 |     6 ||    11
Invok: Heroism           |       |       |     1 ||     1
  Use: Scroll            |     6 |     3 |     1 ||    10
       Potion            |       |     2 |     2 ||     4
 Stab: Sleeping          |     8 |     2 |     6 ||    16
Armor: Skin              |     2 |     2 |     3 ||     7
Dodge: Dodged            |    17 |    23 |    46 ||    86
Block: Kite shield       |    17 |    22 |    45 ||    84
       Rpst.: Long sword |     5 |     7 |    12 ||    24
